 Dungeon Crawl Stone Soup version 0.29-a0-824-gd827844252 (webtiles) character file.

Game seed: 9812846249486627685

21 Spectrina the Sneak (level 2, -3/18 HPs)
             Began as a Vampire Delver on July 9, 2022.
             Slain by a kobold brigand
             ... wielding a +0 whip
              (5 damage)
             ... on level 4 of the Dungeon.
             The game lasted 00:01:56 (150 turns).

Spectrina the Sneak (Vampire Delver)                 Turns: 150, Time: 00:01:56

Health: -3/18      AC:  3    Str: 11    XL:     2   Next: 62%
Magic:  2/2        EV: 12    Int: 12    God:
Gold:   10         SH:  0    Dex: 19    Spells: 1/1 levels left

rFire   . . .      SeeInvis +   j - +6 spear of Past Mistakes {vorpal, *Noise Will++ Dex+4 Stlth+}
rCold   + + .      Faith    .   (no shield)
rNeg    + + +      Spirit   .   b - +0 leather armour
rPois   ∞          Reflect  .   (no helmet)
rElec   .          Harm     .   (no cloak)
rCorr   .          Rampage  .   (no gloves)
Will    ++...                   (no boots)
Stlth   +++++++...              i - amulet of the acrobat
HPRegen 0.00/turn               (no ring)
MPRegen 0.08/turn               (no ring)

@: bloodless, inhibited regen, hasted, very quick
A: bloodless, fangs 3, see invisible, vampiric 1
a: Revivify


You were on level 4 of the Dungeon.
You visited 1 branch of the dungeon, and saw 2 of its levels.

You collected 10 gold pieces.

Inventory:

Hand Weapons
 a - a +0 short sword
 j - the +6 spear of Past Mistakes (weapon) {vorpal, *Noise Will++ Dex+4 Stlth+}
   (You found it on level 4 of the Dungeon)

   It inflicts extra damage upon your enemies.
   Dex:       It affects your dexterity (+4).
   *Noise:    It may make noises in combat.
   Will:      It greatly increases your willpower.
   Stlth:     It makes you more stealthy.
Armour
 b - a +0 leather armour (worn)
Jewellery
 i - an amulet of the acrobat (around neck)
Wands
 g - a wand of digging (3)
Scrolls
 c - a scroll of fog
 d - a scroll of magic mapping
 e - a scroll of fear
 h - a scroll of blinking {unknown}


   Skills:
 - Level 2.6 Fighting
 + Level 3.0 Short Blades
 - Level 2.1 Dodging
 + Level 7.8 Stealth


You had one spell level left.
You didn't know any spells.
Your spell library was empty.

Dungeon Overview and Level Annotations

Branches:
Dungeon (5/15)
 Temple: D:4-7

Altars:


Innate Abilities, Weirdness & Mutations

You do not regenerate when monsters are visible.
You are frail without blood (-20% HP).
You can heal yourself when you bite living creatures.
You are immune to poison.
You have razor-sharp teeth.
You have supernaturally acute eyesight. (SInv)
You are afflicted with vampirism.


Message History

A nearby plant withers and dies.
Unknown command.
The kobold throws a stone.
The stone closely misses you.
Unknown command.
Reach: j) +6 spear of Past Mistakes {vorpal, *Noise Will++ Dex+4 Stlth+}
Press: ? - help, Dir - move target, f - kobold
Aim: a kobold, wielding a +0 dagger and quivering stones (about 36% to evade the +6 spear of Past Mistakes)
You reach to attack!
You puncture the kobold!
You kill the kobold!
Unknown command.
Reach: j) +6 spear of Past Mistakes {vorpal, *Noise Will++ Dex+4 Stlth+}
Press: ? - help, Dir - move target, f - kobold
Aim: a kobold, wielding a +0 whip (about 36% to evade the +6 spear of Past Mistakes)
You reach to attack!
You hit the kobold.
You kill the kobold!
Your Short Blades skill increases to level 3!
Reach: j) +6 spear of Past Mistakes {vorpal, *Noise Will++ Dex+4 Stlth+}
Press: ? - help, Dir - move target, f - kobold brigand
Aim: a kobold brigand, wielding a +0 whip and quivering curare-tipped darts (about 36% to evade the +6 spear of Past Mistakes)
You reach to attack!
You hit the kobold brigand.
The kobold brigand is lightly wounded.
Unknown command.
Reach: j) +6 spear of Past Mistakes {vorpal, *Noise Will++ Dex+4 Stlth+}
Press: ? - help, Dir - move target, f/p - kobold brigand
Aim: a kobold brigand, wielding a +0 whip and quivering curare-tipped darts (lightly wounded, about 36% to evade the +6 spear of Past Mistakes)
You reach to attack!
You hit the kobold brigand.
The kobold brigand is moderately wounded.
Unknown command.
You hit the kobold brigand. Your bite misses the kobold brigand.
The kobold brigand is heavily wounded.
The kobold brigand hits you with a +0 whip.
* * * LOW HITPOINT WARNING * * *
The kobold hits something with a +0 short sword.
Unknown command.
You hit the kobold brigand.
The kobold brigand is heavily wounded.
You barely miss the kobold brigand.
The kobold brigand is heavily wounded.
The kobold brigand hits you with a +0 whip.
You die... ♣♣♣.)...P.♣ ♣.P.♣.)K.♣ #....## #..KK.# ##♣KK♣♣## #♣KK.P# #PKKP#

##PK♣♣# #P♣@P##
###P.P# .#
##...# ..# ..
##....###.#
..##.........#
.............##
...#.........#
...#.........#
........)....#


You could see a kobold brigand and 8 kobolds.

Vanquished Creatures
  An adder (D:5)
  12 kobolds (D:4)
13 creatures vanquished.

Vanquished Creatures (others)
  7 plants (D:4)
7 creatures vanquished.

Grand Total: 20 creatures vanquished

Notes
Turn   | Place    | Note
-------+----------+-------------------------------------------
     0 | D:5      | Spectrina the Vampire Delver began the quest for the Orb.
     0 | D:5      | Reached XP level 1. HP: 17/17 MP: 1/1
     9 | D:5      | Noticed an orc wizard
     9 | D:5      | Noticed an orc wizard
    83 | D:5      | Reached XP level 2. HP: 13/18 MP: 2/2
   102 | D:4      | Identified the +6 spear of Past Mistakes {vorpal, *Noise
                  | Will++ Dex+4 Stlth+}
   125 | D:4      | Noticed a kobold brigand
   150 | D:4      | Slain by a kobold brigand

Illustrated notes

Levels and vault maps discovered:
D:4:      kennysheep_kobold_camp, layout_rooms,
          mainiacjoe_overflow_tiny_flanked,
          mainiacjoe_overflow_concentric_impassable, kennysheep_orc_sif_temple,
          minmay_temple_entry_glassed_door
D:5:      layout_basic, kennysheep_mini_moat

Skill      XL: |  1  2 |
---------------+-------+-----
Short Blades   | 3 |  3.0
Fighting       | |  2.6
Dodging        | |  2.1
Stealth        | |  7.8

Action                   || total
-------------------------++-------
Melee: Short sword       ||     8
       Bite              ||     2
       Spear             ||    22
 Abil: Exsanguinate      ||     1
  Use: Potion            ||     1
Armor: Leather armour    ||     2
Dodge: Dodged            ||    18

Table legend: (Time is in decaauts)
 A = Elapsed time spent in this place.
 B = Non-inter-level travel time spent in this place.
 C = Inter-level travel time spent in this place.
 D = Time resting spent in this place.
 E = Time spent auto-exploring this place.
 F = Levels seen in this place.
 G = Mean time per level.
                   A        B        C        D        E       F      G
               +--------+--------+--------+--------+--------+-----+--------+
         Total |    145 |    145 |      0 |      0 |      0 |   2 |   72.5 |
       Dungeon |    145 |    145 |      0 |      0 |      0 |   2 |   72.5 |
               +--------+--------+--------+--------+--------+-----+--------+

Top non-repeatable levels by time:
     D:5: 97 daAuts
     D:4: 48 daAuts
